Map: Jagannatha LE

Players

IdSwoleMster

  • Race: Zerg Zerg
  • League: Master

Grenrinok - Winner!

  • Race: Zerg Zerg

VOD

Have the link to the VOD?

Description

Time

  • Played on: April 19, 2021, 3:25 p.m.
  • Length: 5:25
Show
View Real Time Build Order
Export as new Build Order

IdSwoleMster Zerg 

Build Orders: Hatch First 

Get SALT Encoding   

  12  0:00  Drone  
  13  0:14  Overlord  
  13  0:17  Drone  
  14  0:32  Drone x2  
  16  0:51  Hatchery  
  16  0:52  Drone  
  16  0:55  Drone  
  17  0:59  Drone  
  18  1:09  Extractor  
  17  1:14  Spawning Pool  
  17  1:17  Drone  
  17  1:21  Drone  
  18  1:30  Drone  
  19  1:41  Drone  
  20  1:55  Overlord  
  20  2:04  Queen x2  
  20  2:07  Drone x2  
  26  2:14  Metabolic Boost  
  26  2:22  Zergling x4  
  28  2:26  Zergling x2, Drone  
  30  2:40  Hatchery  
  29  2:57  Overlord, Queen  
  31  2:59  Drone  
  31  3:00  Drone x2  
  31  3:03  Baneling Nest  
  33  3:06  Drone  
  34  3:15  Overlord  
  34  3:23  Zergling x6  
  36  3:38  Evolution Chamber  
  36  3:39  Roach Warren  
  33  3:47  Baneling  
  33  3:48  Baneling  
  32  4:00  Spine Crawler  
  31  4:03  Baneling, Spine Crawler  
  31  4:04  Baneling x2  
  31  4:05  Zergling x4  
  31  4:06  Zergling x10  
  37  4:11  Drone  
  37  4:12  Drone x3  
  37  4:16  Drone  
  43  4:17  Drone  
  34  4:44  Roach x5  
  41  4:47  Zergling x8  
  43  4:59  Roach  
Show
View Real Time Build Order
Export as new Build Order

Grenrinok Zerg - Winner!

Build Orders: Hatch First 

Get SALT Encoding   

  12  0:02  Drone  
  13  0:14  Overlord  
  13  0:18  Drone  
  14  0:32  Drone x2  
  16  0:50  Hatchery  
  16  0:53  Drone  
  16  0:56  Drone  
  17  1:01  Extractor  
  17  1:02  Drone  
  17  1:19  Drone, Spawning Pool  
  17  1:24  Drone  
  18  1:31  Drone  
  19  1:42  Drone  
  20  1:51  Drone  
  21  2:02  Overlord  
  21  2:05  Queen  
  21  2:06  Queen  
  21  2:07  Zergling x2  
  26  2:11  Metabolic Boost  
  26  2:14  Zergling x2  
  27  2:22  Zergling x2  
  28  2:29  Drone x2  
  30  2:36  Drone, Roach Warren  
  30  2:38  Zergling x2  
  31  2:45  Overlord  
  31  2:52  Zergling x2  
  32  2:59  Overlord  
  32  3:01  Zergling x2  
  33  3:06  Zergling x4  
  35  3:25  Roach x6  
  47  3:32  Overlord  
  47  3:41  Roach x2  
  51  3:53  Zergling x10  
  56  4:03  Overlord x2  
  56  4:05  Zergling x4  
  58  4:36  Zergling x2  
  58  4:37  Zergling x16  
  60  4:57  Zergling x8  
Tags
 
Add a new tag
Caveats
  • Supply blocks, unpowered buildings, or Contaminate may cause inaccurate times.
  • Supply counts are checked every 10 seconds.